 Dungeon Crawl Stone Soup version 0.23-a0-404-g0063841 (webtiles) character file.

716 CanOfBees the Caller (level 7, -7/41 HPs)
             Began as a Tengu Summoner on Nov 5, 2018.
             Was an Initiate of Sif Muna.
             Shot with an arrow by a centaur (14 damage)
             ... on level 6 of the Dungeon.
             The game lasted 00:14:06 (6450 turns).

CanOfBees the Caller (Tengu Summoner)               Turns: 6450, Time: 00:14:07

Health: -7/41      AC:  3    Str:  9    XL:     7   Next: 69%
Magic:  4/15       EV: 12    Int: 17    God:    Sif Muna [......]
Gold:   227        SH:  0    Dex: 14    Spells: 4/15 levels left

rFire    . . .     SeeInvis .   E - +2 spear (venom)
rCold    . . .     Gourm    .   (no shield)
rNeg     . . .     Faith    .   a - +0 robe
rPois    .         Spirit   .   (helmet restricted)
rElec    .         Reflect  .   y - +0 cloak
rCorr    .         Harm     .   (no gloves)
MR       .....                  (boots unavailable)
Stlth    ++........             k - amulet of regeneration
HPRegen  0.53/turn              (no ring)
MPRegen  0.14/turn              (no ring)

@: very slightly contaminated
A: beak, talons 3, able to fly 1
a: Fly, Renounce Religion


You were on level 6 of the Dungeon.
You worshipped Sif Muna.
Sif Muna was noncommittal.
You were near starving.

You visited 1 branch of the dungeon, and saw 6 of its levels.

You collected 276 gold pieces.
You spent 49 gold pieces at shops.

Inventory:

Hand Weapons
 d - a +0 dagger
 q - a +0 lajatang
 s - a +0 spear
 w - a +0 blowgun
 E - a +2 spear of venom (weapon)
Missiles
 b - 91 stones (quivered)
 j - 18 poisoned needles
 m - 19 sling bullets
 n - 2 curare-tipped needles
 t - 34 arrows
Armour
 a - a +0 robe (worn)
 y - a +0 cloak (worn)
 D - a +1 leather armour of magic resistance
Jewellery
 k - an amulet of regeneration (around neck)
Wands
 r - a wand of flame (43)
Scrolls
 e - 2 scrolls of fear
 f - a scroll of enchant weapon
 g - 3 scrolls of teleportation {unknown}
 i - a scroll of identify
 l - 2 scrolls of random uselessness {unknown}
 u - 4 scrolls of remove curse
 x - 2 scrolls of magic mapping {unknown}
 A - a scroll of immolation {unknown}
 F - 2 scrolls of amnesia
Potions
 h - a potion of cancellation {unknown}
 o - a potion of degeneration {unknown}
 p - a potion of resistance {unknown}
 v - a potion of invisibility {unknown}
 B - a potion of ambrosia {unknown}
Comestibles
 c - 5 rations
 z - 3 chunks of flesh


   Skills:
 + Level 3.4 Fighting
 - Level 2.1 Dodging
 - Level 2.0 Stealth
 * Level 4.7 Spellcasting
 - Level 7.1 Summonings
 + Level 2.3 Ice Magic
 + Level 1.1 Invocations


You had 4 spell levels left.
You knew the following spells:

 Your Spells              Type           Power        Failure   Level  Hunger
a - Summon Small Mammal   Summ           ####         1%          1    None
b - Call Imp              Summ           ####....     1%          2    #......
c - Call Canine Familiar  Summ           ####....     2%          3    ###....
d - Summon Ice Beast      Ice/Summ       ###.....     21%         4    ####...
e - Animate Skeleton      Necr           N/A          14%         1    None

Your spell library contained the following spells:

 Spells                   Type           Power        Failure   Level  Hunger
 Summon Guardian Golem    Hex/Summ       ###.....     10%         3    ###....
 Apportation              Tloc           #.....       14%         1    None
 Confusing Touch          Hex            #.....       14%         1    None
 Summon Lightning Spire   Summ/Air       ###.....     32%         4    ####...


Dungeon Overview and Level Annotations

Branches:
Dungeon (6/15)
 Temple: D:4-7

Altars:
Ashenzari
Elyvilon
Hepliaklqana
Makhleb
Nemelex Xobeh
Qazlal
Ru
Sif Muna
Trog
Vehumet
Xom
Zin

Shops:
D:5 *   D:6 %

Annotations:
D:2 2 transporters


Innate Abilities, Weirdness & Mutations

You have a beak for a mouth.
You have claws for feet.
You can fly.


Message History

You barely miss the gnoll. You peck the gnoll, but do no damage.
The gnoll is severely wounded.
The centaur shoots an arrow.
The arrow closely misses you. The gnoll barely misses you.
You hit the gnoll.
You kill the gnoll!
Sif Muna accepts your kill.
The centaur shoots an arrow.
The arrow hits you.
* * * LOW HITPOINT WARNING * * *
Things that are here:
a +0 flail; a gnoll corpse x2
Press: ? - help, v - describe, . - travel, g - get item A +0 flail.
There is something else lying underneath.
The floor, spattered with blood.
Casting: Animate Skeleton (safe; 14% risk of failure)
Confirm with . or Enter, or press ? or * to list all spells.
You miscast Animate Skeleton.
Nothing appears to happen.
The centaur shoots an arrow.
The arrow hits you!
You die...

#. # #. # .. # #. # #g # .##
# #%# # ##.# # ##@## #
##.#(# # #c#.## # ##รท## #
##########c#################
...............)............
c..c........................
.#.#.#######################
#


You could see a centaur.

Vanquished Creatures
  A howler monkey (D:6)
  A hound (D:4)
  A bullfrog skeleton (D:6)
  Terence (D:2)
  3 worker ants
  A killer bee zombie (D:6)
  5 gnolls
  A howler monkey skeleton (D:5)
  3 adders
  A worm (D:2)
  A dart slug (D:1)
  3 leopard geckos
  An orc (D:6)
  6 giant cockroaches
  6 goblins
  4 hobgoblins
  3 jackals (D:4)
  2 quokkas
  5 bats
  4 frilled lizards
  5 kobolds
  A leopard gecko zombie (D:5)
  A rat (D:1)
60 creatures vanquished.

Vanquished Creatures (collateral kills)
  Sigmund (D:2)
  Eustachio (D:5)
  A black bear (D:3)
  2 bullfrogs
  A crimson imp (D:6)
  A hound (D:6)
  Ijyb (D:3)
  Jessica (D:2)
  6 gnolls
  2 adders
  2 hobgoblins (D:1)
  A quokka (D:6)
  A kobold (D:1)
  A quokka zombie (D:6)
  2 rats (D:1)
24 creatures vanquished.

Grand Total: 84 creatures vanquished

Notes
Turn   | Place    | Note
-------+----------+-------------------------------------------
     0 | D:1      | CanOfBees the Tengu Summoner began the quest for the Orb.
     0 | D:1      | Reached XP level 1. HP: 10/10 MP: 4/4
   382 | D:1      | Reached skill level 5 in Summonings
   536 | D:1      | Reached XP level 2. HP: 16/16 MP: 6/6
   668 | D:1      | Learned a level 2 spell: Call Imp
  1850 | D:2      | Noticed a bullfrog
  1909 | D:2      | Reached skill level 1 in Fighting
  2044 | D:2      | Reached XP level 3. HP: 9/20 MP: 4/7
  2076 | D:2      | Learned a level 3 spell: Call Canine Familiar
  2143 | D:2      | Killed a bullfrog
  2143 | D:2      | Reached XP level 4. HP: 6/25 MP: 0/8
  2526 | D:2      | Noticed Jessica
  2533 | D:2      | Killed Jessica
  2533 | D:2      | Reached skill level 6 in Summonings
  2627 | D:2      | You fall through a shaft!
  2678 | D:3      | Noticed Ijyb
  2678 | D:3      | Noticed a black bear
  2724 | D:3      | Killed Ijyb
  2755 | D:3      | HP: 1/26 [black bear (2)]
  2760 | D:3      | Killed a black bear
  2760 | D:3      | Gained mutation: You can fly. [Tengu growth]
  2760 | D:3      | Reached XP level 5. HP: 4/30 MP: 2/10
  3031 | D:3      | Learned a level 4 spell: Summon Ice Beast
  3141 | D:2      | Found a shattered altar of Ashenzari.
  3141 | D:2      | Noticed Terence
  3161 | D:2      | Killed Terence
  3296 | D:2      | Found a transporter.
  3309 | D:2      | Found a transporter.
  3387 | D:2      | Noticed Sigmund
  3414 | D:2      | Killed Sigmund
  3414 | D:2      | Reached skill level 1 in Ice Magic
  3414 | D:2      | Reached XP level 6. HP: 29/36 MP: 3/12
  3538 | D:2      | Found a glowing silver altar of Zin.
  3539 | D:2      | Noticed an angel
  3878 | D:3      | Found a bloodstained altar of Trog.
  4250 | D:4      | Learned a level 1 spell: Animate Skeleton
  4474 | D:4      | Found a radiant altar of Vehumet.
  5010 | D:5      | Entered Level 5 of the Dungeon
  5010 | D:5      | Found a shimmering altar of Xom.
  5010 | D:5      | Found a hazy altar of Hepliaklqana.
  5010 | D:5      | Found a burning altar of Makhleb.
  5011 | D:5      | Found a radiant altar of Vehumet.
  5011 | D:5      | Found a deep blue altar of Sif Muna.
  5012 | D:5      | Noticed Eustachio
  5036 | D:5      | Reached skill level 7 in Summonings
  5124 | D:5      | Found a stormy altar of Qazlal.
  5124 | D:5      | Found a white marble altar of Elyvilon.
  5125 | D:5      | Found a sparkling altar of Nemelex Xobeh.
  5134 | D:5      | Killed Eustachio
  5134 | D:5      | Reached XP level 7. HP: 41/41 MP: 3/14
  5248 | D:5      | Became a worshipper of Sif Muna the Loreminder
  5332 | D:5      | Found Aamehuur's Alliterative Accessories.
  5340 | D:5      | Bought a scroll of amnesia for 49 gold pieces
  5879 | D:5      | Found a sacrificial altar of Ru.
  6315 | D:6      | Found Tycoish's Food Boutique.
  6408 | D:6      | Reached skill level 1 in Invocations
  6420 | D:6      | HP: 2/41 [killer bee zombie (4)]
  6450 | D:6      | Shot with an arrow by a centaur

Vault maps used:
D:1:      scummos_arrival_simple_crosswalls
D:2:      gammafunk_temple_overflow_arena, zin_angel,
          chequers_serial_rivers_micro_b, uniq_terence, uniq_sigmund,
          uniq_jessica
D:3:      bloody_trog, grunt_ministairs_7, uniq_ijyb
D:4:      minmay_misc_feat_room, vehumet_altar_wand_db
D:5:      grunt_temple_overflow_open, kennysheep_little_box, first_ration,
          nicolae_alphabet_shops, uniq_eustachio
D:6:      lemuel_ratsnest, serial_shops, kennysheep_mini, kennysheep_nondescript

Skill      XL: |  1  2  3  4  5  6  7 |
---------------+----------------------+-----
Summonings     | 5 6 7 |  7.1
Fighting       | 1 2 3 |  3.4
Spellcasting   | 3 4 |  4.7
Ice Magic      | 1 2 |  2.3
Invocations    | 1 |  1.1
Dodging        | |  2.1
Stealth        | |  2.0

Action                   |  1- 3 |  4- 6 |  7- 9 || total
-------------------------+-------+-------+-------++-------
Melee: Unarmed           |     8 |       |       ||     8
       Dagger            |    47 |    25 |       ||    72
       Kick              |    12 |    22 |     9 ||    43
       Peck              |     7 |    11 |     8 ||    26
       Lajatang          |       |    67 |       ||    67
       Spear             |       |       |    50 ||    50
Throw: Stone             |    10 |    17 |     2 ||    29
 Cast: Summon Small Mamm |     5 |       |       ||     5
       Call Imp          |     7 |     9 |       ||    16
       Call Canine Famil |     1 |     7 |     2 ||    10
       Summon Ice Beast  |       |     7 |     4 ||    11
       Animate Skeleton  |       |     6 |     3 ||     9
Evoke: Wand              |       |     1 |       ||     1
  Use: Scroll            |     2 |     2 |     1 ||     5
       Potion            |       |     2 |     2 ||     4
 Stab: Sleeping          |     2 |     3 |     2 ||     7
       Distracted        |       |       |     1 ||     1
  Eat: Chunk             |     4 |    12 |     1 ||    17
       Ration            |       |       |     1 ||     1
Armor: Robe              |     9 |    16 |    10 ||    35
Dodge: Dodged            |    48 |    84 |    44 ||   176

Table legend:
 A = Non-vault XP
 B = Vault XP
 C = Vault XP percentage of total XP
 D = Non-vault monster count
 E = Vault monster count
 F = Vault count percentage of total count
                 A         B        C        D         E       F
            +---------+---------+-------+---------+---------+-------
      Total |     603 |     420 |  41.1 |      74 |      10 |  11.9
            +---------+---------+-------+---------+---------+-------
        D:1 |      29 |       0 |   0.0 |      19 |       0 |   0.0
        D:2 |      81 |     169 |  67.6 |      15 |       3 |  16.7
        D:3 |      18 |     113 |  86.3 |       5 |       5 |  50.0
        D:4 |     108 |       2 |   1.8 |      12 |       1 |   7.7
        D:5 |      67 |     136 |  67.0 |       6 |       1 |  14.3
        D:6 |     300 |       0 |   0.0 |      17 |       0 |   0.0
            +---------+---------+-------+---------+---------+-------
